| TOP OF THE 1ST |
|
Jacksonville Suns batting - Pitching for Buffalo Bisons : RHP Mac Suzuki
|
|
Pitching: RHP Mac Suzuki
|
|
|
Batting: RHB Damon Buford
|
0-0: Ball 1-0: Called Strike 1-1: Ball 2-1: Called Strike 2-2: Strikes out swinging
|
|
Batting: RHB Chris Gomez
|
0-0: Called Strike 0-1: Called Strike 0-2: SINGLE (Groundball, 56D, EV 101.9 MPH)
|
|
Batting: LHB Sean Casey
|
0-0: Ball 1-0: Swinging Strike 1-1: Swinging Strike 1-2: Foul Ball, location: 2F 1-2: Ball 2-2: SINGLE (Line Drive, 9LS, EV 94.4 MPH) Chris Gomez to second Runner from 2nd tries for 3rd, SAFE, no throw by RF
|
|
Batting: RHB Ozzie Timmons
|
0-0: Ball 1-0: Ball 2-0: SINGLE (Line Drive, 7LS, EV 107.5 MPH) Chris Gomez scores Sean Casey to second
|
|
Batting: RHB Doug Mirabelli
|
0-0: Called Strike 0-1: Swinging Strike 0-2: Strikes out swinging
|
|
Batting: RHB Angel Echevarria
|
0-0: Fielders Choice at 2nd, 5-4 (Groundball, 5, EV 85.0 MPH)
|
| Top of the 1st over - 1 run, 3 hits, 0 errors, 2 left on base; Jacksonville 1 - Buffalo 0 |
| BOTTOM OF THE 1ST |
|
Buffalo Bisons batting - Pitching for Jacksonville Suns : RHP Clint Sodowsky
|
|
Pitching: RHP Clint Sodowsky
|
|
|
Batting: SHB Roger Cedeno
|
0-0: Ball 1-0: Ball 2-0: Swinging Strike 2-1: Bunt missed! 2-2: Ground out 6-3 (Groundball, 6, EV 92.5 MPH)
|
|
Batting: SHB Enrique Wilson
|
0-0: Ball 1-0: Called Strike 1-1: SINGLE (Flyball, 78S, EV 93.8 MPH)
|
|
Batting: LHB Matt Stairs
|
0-0: Called Strike 0-1: Foul Ball, location: 2F 0-2: Ball 1-2: Fly out, F7 (Flyball, 7, EV 92.5 MPH)
|
|
Batting: RHB Kevin Young
|
0-0: Ball 1-0: Called Strike 1-1: Ball 2-1: Foul Ball, location: 2F 2-2: Ball 3-2: Foul Ball, location: 2F 3-2: Base on Balls Enrique Wilson to second
|
|
Batting: RHB Eddie Zambrano
|
0-0: Called Strike 0-1: Foul Ball, location: 2F 0-2: Ball 1-2: Ball 2-2: Ball 3-2: DOUBLE (Line Drive, 89XD, EV 108.1 MPH) Enrique Wilson scores Kevin Young to third Kevin Young scores
|
|
Batting: RHB Manny Martinez
|
0-0: Ball 1-0: SINGLE (Line Drive, 3D, EV 95.0 MPH) Eddie Zambrano to third Runner from 3rd tries for Home, SAFE, no throw by RF
|
|
Batting: RHB Tim Spehr
|
0-0: Ball 1-0: Ball 2-0: Ball 3-0: Called Strike 3-1: Base on Balls Manny Martinez to second
|
|
Batting: SHB David Howard
|
0-0: Ball 1-0: SINGLE (Line Drive, 4MD, EV 94.4 MPH) Manny Martinez to third Tim Spehr to second
|
|
Batting: RHB Robert Eenhoorn
|
0-0: SINGLE (Flyball, 7LS, EV 89.4 MPH) Manny Martinez scores Tim Spehr to third David Howard to second Runner from 3rd tries for Home, SAFE, throw by LF to home
|
|
Pitching: RHP Al Levine
|
|
|
Batting: SHB Roger Cedeno
|
0-0: Ground out 4-3 (Groundball, 4, EV 105.6 MPH)
|
| Bottom of the 1st over - 5 runs, 5 hits, 0 errors, 2 left on base; Jacksonville 1 - Buffalo 5 |
| TOP OF THE 2ND |
|
Jacksonville Suns batting - Pitching for Buffalo Bisons : RHP Mac Suzuki
|
|
Batting: RHB Brian Lesher
|
0-0: Called Strike 0-1: Ball 1-1: Ball 2-1: Ball 3-1: Fly out, F7 (Flyball, 7, EV 89.4 MPH)
|
|
Batting: RHB Jeff Reboulet
|
0-0: Ball 1-0: Ball 2-0: Ball 3-0: Base on Balls
|
|
Batting: RHB Jorge Velandia
|
0-0: Called Strike 0-1: Fly out, F3 (Popup, 34S, EV 84.4 MPH)
|
|
Batting: RHB Damon Buford
|
0-0: Foul Ball, location: 2F 0-1: Called Strike 0-2: Strikes out swinging
|
| Top of the 2nd over - 0 runs, 0 hits, 0 errors, 1 left on base; Jacksonville 1 - Buffalo 5 |
| BOTTOM OF THE 2ND |
|
Buffalo Bisons batting - Pitching for Jacksonville Suns : RHP Al Levine
|
|
Batting: SHB Enrique Wilson
|
0-0: Foul Ball, location: 2F 0-1: Ball 1-1: SINGLE (Line Drive, 8RS, EV 107.5 MPH)
|
|
Batting: LHB Matt Stairs
|
0-0: Ball 1-0: Ball Enrique Wilson steals 2nd base 2-0: Swinging Strike 2-1: SINGLE (Groundball, 34D, EV 101.3 MPH) Enrique Wilson to third Runner from 3rd tries for Home, SAFE, throw by RF to home
|
|
Batting: RHB Kevin Young
|
0-0: Called Strike 0-1: Ball 1-1: Ball 2-1: Foul Ball, location: 2F 2-2: Ball 3-2: Fly out, F3 (Flyball, 3DF, EV 80.6 MPH)
|
|
Batting: RHB Eddie Zambrano
|
0-0: DOUBLE (Flyball, 8RXD, EV 95.0 MPH) Matt Stairs to third
|
|
Batting: RHB Manny Martinez
|
0-0: Foul Ball, location: 2F 0-1: Fly out, F9 (Flyball, 9LM, EV 99.4 MPH) Runner from 3rd tags up, SCORES, throw by RF Eddie Zambrano to third
|
|
Batting: RHB Tim Spehr
|
0-0: Foul Ball, location: 2F 0-1: Ball 1-1: Called Strike 1-2: Fly out, F8 (Flyball, 8RXD, EV 97.5 MPH)
|
| Bottom of the 2nd over - 2 runs, 3 hits, 0 errors, 1 left on base; Jacksonville 1 - Buffalo 7 |
| TOP OF THE 3RD |
|
Jacksonville Suns batting - Pitching for Buffalo Bisons : RHP Mac Suzuki
|
|
Batting: RHB Chris Gomez
|
0-0: Ball 1-0: Ball 2-0: Ball 3-0: Called Strike 3-1: Foul Ball, location: 2F 3-2: Base on Balls
|
|
Batting: LHB Sean Casey
|
0-0: Swinging Strike 0-1: Ball 1-1: Ball 2-1: Ball 3-1: Called Strike 3-2: Foul Ball, location: 2F 3-2: Foul Ball, location: 2F 3-2: Foul Ball, location: 2F 3-2: Foul Ball, location: 2F 3-2: Base on Balls Chris Gomez to second
|
|
Batting: RHB Ozzie Timmons
|
0-0: Called Strike 0-1: 3-RUN HOME RUN (Flyball, 9LD, EV 101.3 MPH), Distance : 349 ft
|
|
Batting: RHB Doug Mirabelli
|
0-0: Ball 1-0: Ground out 5-3 (Groundball, 56, EV 85.6 MPH)
|
|
Batting: RHB Angel Echevarria
|
0-0: Called Strike 0-1: Called Strike 0-2: Fly out, F9 (Flyball, 9S, EV 79.4 MPH)
|
|
Batting: RHB Brian Lesher
|
0-0: Ball 1-0: Foul Ball, location: 2F 1-1: Fly out, F8 (Flyball, 8RD, EV 87.5 MPH)
|
| Top of the 3rd over - 3 runs, 1 hit, 0 errors, 0 left on base; Jacksonville 4 - Buffalo 7 |
| BOTTOM OF THE 3RD |
|
Buffalo Bisons batting - Pitching for Jacksonville Suns : RHP Al Levine
|
|
Batting: SHB David Howard
|
0-0: Ball 1-0: Ball 2-0: Ground out 1-3 (Groundball, P, EV 61.3 MPH)
|
|
Batting: RHB Robert Eenhoorn
|
0-0: Ball 1-0: Swinging Strike 1-1: Ball 2-1: Single, Error in OF, E7, batter to second base (Groundball, 5D, EV 103.1 MPH)
|
|
Batting: SHB Roger Cedeno
|
0-0: Ground out 6-3 (Groundball, 6, EV 82.5 MPH) Robert Eenhoorn to third
|
|
Batting: SHB Enrique Wilson
|
0-0: Fly out, F8 (Flyball, 78D, EV 100.0 MPH)
|
| Bottom of the 3rd over - 0 runs, 1 hit, 1 error, 1 left on base; Jacksonville 4 - Buffalo 7 |
| TOP OF THE 4TH |
|
Jacksonville Suns batting - Pitching for Buffalo Bisons : RHP Mac Suzuki
|
|
Batting: RHB Jeff Reboulet
|
0-0: Ball 1-0: Ball 2-0: Foul Ball, location: 2F 2-1: Foul Ball, location: 2F 2-2: SINGLE (Groundball, 56D, EV 94.4 MPH)
|
|
Batting: RHB Jorge Velandia
|
0-0: Ball 1-0: Ball 2-0: Foul Ball, location: 2F 2-1: Fielders Choice at 2nd, 6-4 (Groundball, 6, EV 85.0 MPH)
|
|
Batting: RHB Damon Buford
|
0-0: Ball 1-0: Called Strike 1-1: Foul Ball, location: 2F 1-2: Strikes out looking
|
|
Batting: RHB Chris Gomez
|
0-0: Ball 1-0: Swinging Strike 1-1: Swinging Strike 1-2: Ball 2-2: Foul Ball, location: 2F 2-2: Foul Ball, location: 2F 2-2: Foul Ball, location: 2F 2-2: Ball 3-2: Fly out, F9 (Flyball, 9LSF, EV 84.4 MPH)
|
| Top of the 4th over - 0 runs, 1 hit, 0 errors, 1 left on base; Jacksonville 4 - Buffalo 7 |
| BOTTOM OF THE 4TH |
|
Buffalo Bisons batting - Pitching for Jacksonville Suns : RHP Al Levine
|
|
Batting: LHB Matt Stairs
|
0-0: Ground out 4-3 (Groundball, 34D, EV 101.3 MPH)
|
|
Batting: RHB Kevin Young
|
0-0: DOUBLE (Line Drive, 7LD, EV 107.5 MPH)
|
|
Pitching: RHP Jack McDowell
|
|
|
Batting: RHB Eddie Zambrano
|
0-0: Swinging Strike 0-1: Ball 1-1: Fly out, F4 (Popup, 34S, EV 70.0 MPH)
|
|
Batting: RHB Manny Martinez
|
0-0: Called Strike 0-1: Ball 1-1: Called Strike 1-2: Foul Ball, location: 2F 1-2: Ball 2-2: Strikes out swinging
|
| Bottom of the 4th over - 0 runs, 1 hit, 0 errors, 1 left on base; Jacksonville 4 - Buffalo 7 |
| TOP OF THE 5TH |
|
Jacksonville Suns batting - Pitching for Buffalo Bisons : RHP Mac Suzuki
|
|
Pitching: RHP John H. Doherty
|
|
|
Batting: LHB Sean Casey
|
0-0: Ball 1-0: Called Strike 1-1: Foul Ball, location: 2F 1-2: Ball 2-2: Ball 3-2: Foul Ball, location: 2F 3-2: Ground out 6-3 (Groundball, 6, EV 80.0 MPH)
|
|
Batting: RHB Ozzie Timmons
|
0-0: Fly out, F4 (Popup, 23, EV 82.5 MPH)
|
|
Batting: RHB Doug Mirabelli
|
0-0: DOUBLE (Flyball, 8LXD, EV 110.0 MPH)
|
|
Batting: RHB Angel Echevarria
|
0-0: Ball 1-0: Called Strike 1-1: Swinging Strike 1-2: Strikes out looking
|
| Top of the 5th over - 0 runs, 1 hit, 0 errors, 1 left on base; Jacksonville 4 - Buffalo 7 |
| BOTTOM OF THE 5TH |
|
Buffalo Bisons batting - Pitching for Jacksonville Suns : RHP Jack McDowell
|
|
Batting: RHB Tim Spehr
|
0-0: SINGLE (Groundball, 56D, EV 94.4 MPH)
|
|
Batting: SHB David Howard
|
0-0: Sac Bunt to P - play at first, batter OUT! 1-3 Tim Spehr to second
|
|
Batting: RHB Robert Eenhoorn
|
0-0: Called Strike 0-1: Ground out 6-3 (Groundball, 6, EV 82.5 MPH)
|
|
Batting: SHB Roger Cedeno
|
0-0: Ball 1-0: Called Strike 1-1: Called Strike 1-2: Ball 2-2: Strikes out swinging
|
| Bottom of the 5th over - 0 runs, 1 hit, 0 errors, 1 left on base; Jacksonville 4 - Buffalo 7 |
| TOP OF THE 6TH |
|
Jacksonville Suns batting - Pitching for Buffalo Bisons : RHP John H. Doherty
|
|
Batting: RHB Brian Lesher
|
0-0: Ball 1-0: Fly out, F1 (Line Drive, P, EV 64.4 MPH)
|
|
Batting: RHB Jeff Reboulet
|
0-0: Called Strike 0-1: Ball 1-1: Called Strike 1-2: Strikes out swinging
|
|
Batting: RHB Jorge Velandia
|
0-0: Called Strike 0-1: Ball 1-1: Fly out, F3 (Line Drive, 3, EV 63.8 MPH)
|
| Top of the 6th over - 0 runs, 0 hits, 0 errors, 0 left on base; Jacksonville 4 - Buffalo 7 |
| BOTTOM OF THE 6TH |
|
Buffalo Bisons batting - Pitching for Jacksonville Suns : RHP Jack McDowell
|
|
Batting: SHB Enrique Wilson
|
0-0: Called Strike 0-1: Called Strike 0-2: Strikes out looking
|
|
Batting: LHB Matt Stairs
|
0-0: Foul Ball, location: 2F 0-1: Ground out U3 (Groundball, 34, EV 82.5 MPH)
|
|
Batting: RHB Kevin Young
|
0-0: Called Strike 0-1: Called Strike 0-2: Fly out, F3 (Popup, 3F, EV 80.6 MPH)
|
| Bottom of the 6th over - 0 runs, 0 hits, 0 errors, 0 left on base; Jacksonville 4 - Buffalo 7 |
| TOP OF THE 7TH |
|
Jacksonville Suns batting - Pitching for Buffalo Bisons : RHP John H. Doherty
|
|
Batting: RHB Damon Buford
|
0-0: Ball 1-0: Ball 2-0: Called Strike 2-1: Foul Ball, location: 2F 2-2: Ball 3-2: SINGLE (Flyball, 7LM, EV 93.1 MPH)
|
|
Batting: RHB Chris Gomez
|
0-0: Ball 1-0: SINGLE (Line Drive, 7S, EV 90.0 MPH) Damon Buford to second
|
|
Batting: LHB Sean Casey
|
0-0: Ball 1-0: Swinging Strike 1-1: Ball 2-1: Foul Ball, location: 2F 2-2: Ball 3-2: Foul Ball, location: 2F 3-2: Fielders Choice at 2nd, 6-4 (Groundball, 6M, EV 85.0 MPH) Damon Buford to third
|
|
Batting: RHB Ozzie Timmons
|
0-0: Ball 1-0: Ball 2-0: Swinging Strike 2-1: Ball 3-1: Swinging Strike 3-2: Fielders Choice at 2nd, 4-6 (Groundball, 34, EV 90.0 MPH) Damon Buford scores
|
|
Batting: RHB Doug Mirabelli
|
0-0: Ball 1-0: Fielders Choice at 2nd, 5-4 (Groundball, 56, EV 108.1 MPH)
|
| Top of the 7th over - 1 run, 2 hits, 0 errors, 1 left on base; Jacksonville 5 - Buffalo 7 |
| BOTTOM OF THE 7TH |
|
Buffalo Bisons batting - Pitching for Jacksonville Suns : RHP Jack McDowell
|
|
Batting: RHB Eddie Zambrano
|
0-0: Ball 1-0: Ball 2-0: Reached on error, E5 (Groundball, 5, EV 101.9 MPH)
|
|
Batting: RHB Manny Martinez
|
0-0: Bunted foul 0-1: Sac Bunt to 15S - play at first, batter OUT! 1-4 Eddie Zambrano to second
|
|
Batting: RHB Tim Spehr
|
0-0: Intentional Walk
|
|
Batting: SHB David Howard
|
0-0: Called Strike 0-1: Fielders Choice at 2nd, 2-4 (Groundball, 15S, EV 64.4 MPH) Eddie Zambrano to third
|
|
Batting: RHB Robert Eenhoorn
|
0-0: Swinging Strike 0-1: SINGLE (Line Drive, 89M, EV 106.3 MPH) Eddie Zambrano scores David Howard to second Runner from 2nd tries for 3rd, SAFE, throw by RF made to third
|
|
Batting: SHB Roger Cedeno
|
0-0: Called Strike 0-1: Ball 1-1: Ball 2-1: Foul Ball, location: 2F 2-2: Ground out 5-3 (Groundball, 56S, EV 86.3 MPH)
|
| Bottom of the 7th over - 1 run, 1 hit, 1 error, 2 left on base; Jacksonville 5 - Buffalo 8 |
| TOP OF THE 8TH |
|
Jacksonville Suns batting - Pitching for Buffalo Bisons : RHP John H. Doherty
|
|
Batting: RHB Angel Echevarria
|
0-0: Called Strike 0-1: Swinging Strike 0-2: Ball 1-2: Fly out, F9 (Flyball, 9LS, EV 72.5 MPH)
|
|
Batting: RHB Brian Lesher
|
0-0: Called Strike 0-1: Fly out, F7 (Line Drive, 7, EV 91.9 MPH)
|
|
Batting: RHB Jeff Reboulet
|
0-0: Ball 1-0: Foul Ball, location: 2F 1-1: Foul Ball, location: 2F 1-2: Fly out, F4 (Line Drive, 4, EV 74.4 MPH)
|
| Top of the 8th over - 0 runs, 0 hits, 0 errors, 0 left on base; Jacksonville 5 - Buffalo 8 |
| BOTTOM OF THE 8TH |
|
Buffalo Bisons batting - Pitching for Jacksonville Suns : RHP Jack McDowell
|
|
Batting: SHB Enrique Wilson
|
0-0: Ball 1-0: Swinging Strike 1-1: Ball 2-1: Ball 3-1: Swinging Strike 3-2: Strikes out looking
|
|
Batting: LHB Matt Stairs
|
0-0: Ground out U3 (Groundball, 3, EV 89.4 MPH)
|
|
Batting: RHB Kevin Young
|
0-0: Ball 1-0: Fly out, F6 (Popup, 15S, EV 78.8 MPH)
|
| Bottom of the 8th over - 0 runs, 0 hits, 0 errors, 0 left on base; Jacksonville 5 - Buffalo 8 |
| TOP OF THE 9TH |
|
Jacksonville Suns batting - Pitching for Buffalo Bisons : RHP John H. Doherty
|
|
Pitching: LHP Tim Fortugno
|
|
|
Now in LF: Duane Singleton
|
|
|
Batting: RHB Jorge Velandia
|
0-0: Called Strike 0-1: Foul Ball, location: 2F 0-2: Foul Ball, location: 2F 0-2: Strikes out swinging
|
|
Batting: RHB Damon Buford
|
0-0: Foul Ball, location: 2F 0-1: Called Strike 0-2: Ball 1-2: Strikes out swinging
|
|
Batting: RHB Chris Gomez
|
0-0: Fly out, F4 (Flyball, 34D, EV 90.6 MPH)
|
| Top of the 9th over - 0 runs, 0 hits, 0 errors, 0 left on base; Jacksonville 5 - Buffalo 8 |
|